 Dungeon Crawl Stone Soup version 0.26-a0-597-gb535b0901c (webtiles) character file.

Game seed: 13448032358605410604

(classic levelgen) 4510 EnegeticOcto the Cleaver (level 10, -8/92 HPs)
             Began as a Deep Dwarf Fighter on Aug 26, 2020.
             Mangled by Pikel
             ... wielding a +2 whip of electrocution
              (9 damage)
             ... on level 9 of the Dungeon.
             The game lasted 00:03:02 (4617 turns).

EnegeticOcto the Cleaver (Deep Dwarf Fighter)       Turns: 4617, Time: 00:03:02

Health: -8/92      AC: 16    Str: 23    XL:     10   Next: 16%
Magic:  7/7        EV:  7    Int:  9    God:
Gold:   263        SH: 11    Dex: 12    Spells: 9/9 levels left

rFire    + . .     SeeInvis .   a - +1 war axe
rCold    . . .     Faith    .   c - +0 kite shield
rNeg     . . .     Spirit   .   z - +0 chain mail
rPois    .         Reflect  .   n - +0 helmet
rElec    .         Harm     .   p - +0 cloak
rCorr    .                      s - +0 pair of gloves
MR       +....                  D - +0 pair of boots
Stlth    ..........             (no amulet)
HPRegen  0.00/turn              (no ring)
MPRegen  0.10/turn              y - ring of protection from fire

@: non-regenerating
A: damage resistance, heal wounds, sense surroundings 2, no regeneration
a: Heal Wounds


You were on level 9 of the Dungeon.
You visited 2 branches of the dungeon, and saw 10 of its levels.

You collected 263 gold pieces.

Inventory:

Hand Weapons
 a - a +1 war axe (weapon)
Missiles
 B - a throwing net (quivered)
Armour
 b - a +0 scale mail
 c - a +0 kite shield (worn)
 n - a +0 helmet (worn)
 p - a +0 cloak (worn)
 s - a +0 pair of gloves (worn)
 z - a +0 chain mail (worn)
 D - a +0 pair of boots (worn)
Jewellery
 y - a ring of protection from fire (right hand)
Wands
 v - a wand of polymorph (8)
 A - a wand of digging (5) {@v3}
Scrolls
 e - 2 scrolls of remove curse {@r2}
 f - a scroll of fear
 i - 6 scrolls of teleportation {@r3}
 m - 3 scrolls of magic mapping {@r5}
 q - 3 scrolls of enchant weapon
Potions
 d - 5 potions of might {@q3}
 g - a potion of resistance {unknown}
 h - a potion of heal wounds {unknown}
 j - a potion of flight {unknown}
 l - 3 potions of cancellation
 r - a potion of curing {@q1}
 u - 2 potions of haste {@q4}
 x - a potion of brilliance {unknown}
Miscellaneous
 k - a phantom mirror


   Skills:
 + Level 6.6 Fighting
 * Level 10.5 Axes
 + Level 8.0 Armour
 + Level 8.0 Shields


You had 9 spell levels left.
You didn't know any spells.
Your spell library was empty.

Dungeon Overview and Level Annotations

Branches:
Dungeon (9/15)             Temple (1/1) D:6
   Lair: D:8-11         Orc: D:9-12

Altars:
Cheibriados
Dithmenos
Nemelex Xobeh
Okawaru
Qazlal
Sif Muna
Trog
Vehumet
Xom
Zin

Annotations:
D:9 Joseph, Pikel


Innate Abilities, Weirdness & Mutations

You are resistant to damage.
You can heal yourself by infusing magical energy.
You passively map the area around you.
You do not regenerate.


Message History

The two-headed ogre barely misses you.
Joseph drinks a potion.
Joseph seems to speed up.
The lemure closely misses you. You block the lemure's attack.
You are too injured to fight recklessly!
You are too injured to fight recklessly!
You are too injured to fight recklessly!
You are too injured to fight recklessly!
You are too injured to fight recklessly!
You are too injured to fight recklessly!
You are too injured to fight recklessly!
You are too injured to fight recklessly!
You are too injured to fight recklessly!
You feel much better.
Pikel hits you with a +2 whip of electrocution.
The gnoll hits you but does no damage. The kobold hits you but does no damage.
The lemure hits you! The lemure hits you but does no damage.
You block the lemure's attack.
You closely miss the lemure.
The lemure is severely wounded.
You slash the kobold!
You kill the kobold!
You hit the lemure but do no damage. You closely miss the lemure.
You barely miss Pikel. You hit the two-headed ogre.
The gnoll hits you but does no damage.
Pikel says, "You'll feel the lick of my whip!"
You block Pikel's attack.
The two-headed ogre hits you with a +0 giant club!
The two-headed ogre hits you but does no damage.
The gnoll hits you but does no damage. Joseph completely misses you.
The lemure hits you but does no damage. You block the lemure's attack.
The lemure closely misses you. You block Pikel's attack.
You block the gnoll's attack.
You are too injured to fight recklessly!
You are too injured to fight recklessly!
You are too injured to fight recklessly!
You are too injured to fight recklessly!
You are too injured to fight recklessly!
You are too injured to fight recklessly!
You are too injured to fight recklessly!
You are too injured to fight recklessly!
You are too injured to fight recklessly!
You are too injured to fight recklessly!
You are too injured to fight recklessly!
You are too injured to fight recklessly!
You are too injured to fight recklessly!
You are too injured to fight recklessly!
You are too injured to fight recklessly!
You feel much better. You block the gnoll's attack. You block Joseph's attack.
The two-headed ogre hits you with a +0 giant club.
The two-headed ogre hits you with a +0 giant spiked club!!
The lemure hits you but does no damage. x2; The lemure hits you.
The gnoll completely misses you. You block Pikel's attack.
You are too injured to fight recklessly!
You are too injured to fight recklessly!
You are too injured to fight recklessly!
You are too injured to fight recklessly!
You are too injured to fight recklessly!
You are too injured to fight recklessly!
You are too injured to fight recklessly!
You are too injured to fight recklessly!
You block Joseph's attack. You block the gnoll's attack.
The lemure barely misses you. The two-headed ogre barely misses you.
The two-headed ogre hits you with a +0 giant spiked club!
* * * LOW HITPOINT WARNING * * *
You block the lemure's attack. The lemure closely misses you.
Joseph hits you but does no damage. Pikel hits you but does no damage.
The gnoll closely misses you. You block the gnoll's attack.
Joseph barely misses you. The lemure hits you. The lemure closely misses you.
The lemure hits you but does no damage. You block the gnoll's attack.
You block Pikel's attack.
The two-headed ogre hits you with a +0 giant club.
* * * LOW HITPOINT WARNING * * *
You block the two-headed ogre's attack.
Joseph says, "I've waited for this moment for such a long time."
Joseph hits you with a +0 quarterstaff. You block the gnoll's attack.
The lemure hits you but does no damage. x2; You block the lemure's attack.
Pikel hits you but does no damage.
You are electrocuted!
* * * LOW HITPOINT WARNING * * *
The gnoll hits you but does no damage. Joseph barely misses you.
The gnoll hits you but does no damage.
The two-headed ogre hits you but does no damage.
The two-headed ogre completely misses you.
You block the lemure's attack. The lemure hits you but does no damage.
The lemure closely misses you. Joseph hits you but does no damage.
You block Pikel's attack. You block the gnoll's attack.
The gnoll barely misses you. Joseph hits you with a +0 quarterstaff!
* * * LOW HITPOINT WARNING * * *
The lemure hits you but does no damage.
The two-headed ogre hits you with a +0 giant club.
* * * LOW HITPOINT WARNING * * *
You block the two-headed ogre's attack. You block the lemure's attack.
The lemure hits you.
* * * LOW HITPOINT WARNING * * *
The gnoll barely misses you. Pikel hits you but does no damage.
You block Joseph's attack.
The gnoll hits you from afar with a +0 spear.
The lemure hits you but does no damage. The lemure barely misses you.
You block the lemure's attack. Pikel hits you but does no damage.
You are electrocuted!
You die...

#### * , ..# ##..............
...########..# ###...............
###.........#*##.....#...........
# #######.>####.....###..........
###....†...## ####.......
##.........## ########
#...........# #.....@.†..##
#.....c5@5..# * * #.....S5KO..# ,
,, #......Kg5g..# #........g...#
, , ...........# ,, ,
...........# , ,, , ..........##
* , , ..........# , , , , , * ,


You could see Joseph (fast), a two-headed ogre, Pikel, a big kobold, 4 lemures,
a centaur, 3 gnolls and an adder.

Vanquished Creatures
  Harold (D:7)
  A two-headed ogre (D:5)
  3 water moccasins
  Duvessa (D:4)
  A black bear (D:7)
  5 ice beasts
  2 orc warriors
  2 ogres
  2 phantoms (D:5)
  4 centaurs
  A big kobold (D:7)
  5 bullfrogs
  Dowan (D:4)
  5 wights (D:8)
  2 jellies
  A bullfrog zombie (D:8)
  2 hounds
  An orc priest (D:8)
  A bullfrog skeleton (D:6)
  Jessica (D:2)
  2 iguanas (D:5)
  6 orc wizards
  4 worker ants
  Robin (D:4)
  A howler monkey zombie (D:5)
  2 worker ant zombies
  4 adders
  2 white imps
  An ufetubus (D:8)
  2 leopard geckos
  10 orcs
  3 bats
  4 giant cockroaches
  8 goblins
  9 hobgoblins
  10 jackals
  3 quokkas
  A ball python (D:3)
  A ball python zombie (D:6)
  4 frilled lizards
  A jackal zombie (D:7)
  12 kobolds
  A leopard gecko skeleton (D:4)
  A quokka skeleton (D:5)
  2 rats (D:2)
137 creatures vanquished.

Vanquished Creatures (others)
  3 plants (D:5)
3 creatures vanquished.

Grand Total: 140 creatures vanquished

Notes
Turn   | Place    | Note
-------+----------+-------------------------------------------
     0 | D:1      | EnegeticOcto the Deep Dwarf Fighter began the quest for the
                  | Orb.
     0 | D:1      | Reached XP level 1. HP: 20/20 MP: 1/1
   122 | D:2      | Reached XP level 2. HP: 24/27 MP: 2/2
   331 | D:2      | Noticed Jessica
   338 | D:2      | Killed Jessica
   338 | D:2      | Reached skill level 3 in Axes
   338 | D:2      | Reached XP level 3. HP: 17/34 MP: 3/3
   623 | D:4      | Noticed Robin
   629 | D:4      | Reached XP level 4. HP: 38/42 MP: 4/4
   635 | D:4      | Killed Robin
   853 | D:4      | Noticed a water moccasin
   866 | D:4      | Killed a water moccasin
   866 | D:4      | Reached skill level 4 in Axes
   866 | D:4      | Reached XP level 5. HP: 24/49 MP: 5/5
   909 | D:4      | Noticed Duvessa
   910 | D:4      | Noticed Dowan
   935 | D:4      | Killed Dowan
   944 | D:4      | Killed Duvessa
   944 | D:4      | Reached skill level 5 in Axes
   944 | D:4      | Reached XP level 6. HP: 35/57 MP: 6/6
  1423 | D:5      | Entered Level 5 of the Dungeon
  1442 | D:5      | Noticed a two-headed ogre
  1493 | D:5      | Killed a two-headed ogre
  1493 | D:5      | Reached skill level 6 in Axes
  1493 | D:5      | Reached skill level 5 in Armour
  1493 | D:5      | Reached skill level 5 in Shields
  1493 | D:5      | Reached XP level 7. HP: 44/66 MP: 6/6
  1493 | D:5      | Reached XP level 8. HP: 49/73 MP: 7/7
  1571 | D:5      | Reached skill level 7 in Axes
  1713 | D:5      | Reached skill level 5 in Fighting
  2319 | D:6      | You fall into a shaft and drop 2 floors!
  2332 | D:8      | Reached skill level 8 in Axes
  2444 | D:8      | Gained mutation: You passively map the area around you.
                  | [Deep Dwarf growth]
  2444 | D:8      | Reached XP level 9. HP: 48/81 MP: 8/8
  2599 | D:6      | Reached skill level 9 in Axes
  2766 | D:6      | Found a staircase to the Ecumenical Temple.
  2877 | Temple   | Entered the Ecumenical Temple
  3907 | D:7      | Reached skill level 10 in Axes
  3975 | D:7      | Noticed Harold
  4006 | D:7      | Killed Harold
  4006 | D:7      | Reached XP level 10. HP: 80/92 MP: 7/7
  4597 | D:9      | Noticed a two-headed ogre
  4599 | D:9      | Noticed Pikel
  4600 | D:9      | Noticed Joseph
  4616 | D:9      | HP: 3/92 [two-headed ogre/+0 giant club (3)]
  4616 | D:9      | HP: 1/92 [lemure[Pikel] (2)]
  4617 | D:9      | Mangled by Pikel

Illustrated notes

Levels and vault maps discovered:
D:1:      sevenhm_arrival_forest_fort_small_4, layout_loops_cross
D:2:      layout_loops_corners, uniq_crazy_yiuf_cottage, uniq_jessica
D:3:      layout_basic, grunt_temple_overflow_diamond,
          gammafunk_temple_overflow_claw, minmay_overflow_temple_hex,
          chequers_serial_rivers_micro_d, uniq_ijyb, uniq_terence, uniq_natasha
D:4:      cheibrodos_old_hovel, layout_basic, uniq_duvessa, uniq_robin
D:5:      layout_basic, small_statue_intersection, serial_bayou_lake_a
D:6:      layout_loops_ring, minmay_temple_entry_enclosed_plants, serial_rivers,
          chequers_serial_rivers_micro_a, chequers_serial_rivers_marsh,
          chequers_serial_rivers_micro_d, chequers_serial_rivers_micro_b,
          chequers_serial_rivers_small_3, chequers_serial_rivers_micro_c,
          kennysheep_generic_room_2
D:7:      layout_gridville, uniq_harold
D:8:      layout_rooms
D:9:      layout_cave_pods, nicolae_elemental_shop, elyvilon_altar_5,
          uniq_pikel, uniq_grum, uniq_joseph
Temple:   eino_wide_crystal_templ

Skill      XL: |  1  2  3  4  5  6  7  8  9 10 |
---------------+-------------------------------+-----
Fighting       | 3 4 5 6 |  6.6
Axes           | 3 4 5 6 8 10 | 10.5
Armour         | 4 5 6 7 8 |  8.0
Shields        | 4 5 6 7 8 |  8.0

Action                   |  1- 3 |  4- 6 |  7- 9 | 10-12 || total
-------------------------+-------+-------+-------+-------++-------
Melee: War axe           |    76 |    72 |   330 |    36 ||   514
 Abil: Heal Wounds       |     1 |    12 |    13 |     2 ||    28
  Use: Scroll            |       |       |       |    12 ||    12
Armor: Scale mail        |    34 |    25 |   100 |       ||   159
       Chain mail        |       |       |    30 |    48 ||    78
Dodge: Dodged            |    23 |    29 |   116 |    30 ||   198
Block: Kite shield       |    44 |    59 |   189 |    52 ||   344

Table legend: (Time is in decaauts)
 A = Elapsed time spent in this place.
 B = Non-inter-level travel time spent in this place.
 C = Inter-level travel time spent in this place.
 D = Time resting spent in this place.
 E = Time spent auto-exploring this place.
 F = Levels seen in this place.
 G = Mean time per level.
                   A        B        C        D        E       F      G
               +--------+--------+--------+--------+--------+-----+--------+
         Total |   4747 |   4425 |    322 |      0 |   3373 |  10 |  474.7 |
       Dungeon |   4691 |   4382 |    309 |      0 |   3331 |   9 |  521.2 |
        Temple |     55 |     43 |     12 |      0 |     42 |   1 |   55.0 |
               +--------+--------+--------+--------+--------+-----+--------+

Top non-repeatable levels by time:
     D:4: 945 daAuts
     D:6: 912 daAuts
     D:7: 873 daAuts
     D:5: 828 daAuts
     D:8: 512 daAuts
     D:2: 362 daAuts
     D:9: 87 daAuts
     D:3: 87 daAuts
     D:1: 82 daAuts
  Temple: 55 daAuts
